 Dungeon Sprint DCSS version 0.30.1-9-gdf580d7c3d (webtiles) character file.

Game seed: 12426924837881422106

358 Heoruswealwe the Spear-Bearer (level 6, -4/63 HPs)
             Began as a Minotaur Fighter on Sept 28, 2023.
             Slain by a komodo dragon (8 damage)
             ... in the Dungeon (Sprint IX: "|||||||||||||||||||||||||||||").
             The game lasted 00:01:10 (121 turns).

Heoruswealwe the Spear-Bearer (Minotaur Fighter)     Turns: 121, Time: 00:01:10

Health: -4/63      AC:  8    Str: 22    XL:     6   Next: 37%
Magic:  5/5        EV:  9    Int:  5    God:
Gold:   0          SH:  4    Dex: 10    Spells: 5/5 levels left

rFire   . . .        a - +0 trident
rCold   . . .        d - +0 buckler
rNeg    . . .        c - +0 scale mail
rPois   .            (helmet restricted)
rElec   .            (no cloak)
rCorr   .            (no gloves)
SInv    .            (no boots)
Will    .....        (no amulet) Stlth
                     (no ring)
HPRegen 0.30/turn    (no ring)
MPRegen 0.09/turn

%: no teleportation
@: no status effects
A: horns 2, retaliatory headbutt
a: no special abilities


You were in the Dungeon.
You visited 1 branch

Inventory:

Hand Weapons
 a - a +0 trident (weapon)
Armour
 c - a +0 scale mail (worn)
 d - a +0 buckler (worn)
Jewellery
 m - a +3 ring of strength
 n - a +3 ring of dexterity
Wands
 l - a wand of light (10)
Scrolls
 j - 2 scrolls of blinking
 k - 2 scrolls of amnesia
Potions
 b - a potion of might
 e - 5 potions of curing
 f - 3 potions of heal wounds
 g - a potion of haste
 h - a potion of invisibility
 i - a potion of berserk rage


   Skills:
 + Level 9.0 Fighting
 * Level 11.7 Polearms
 + Level 9.0 Armour
 - Level 3.6 Shields


You had 5 spell levels left.
You didn't know any spells.
Your spell library was empty.

Dungeon Overview and Level Annotations

Branches:
Dungeon (1/1)

Altars:
Cheibriados
Dithmenos
Elyvilon
Fedhas
Gozag
Hepliaklqana
Kikubaaqudgha
Makhleb
Nemelex Xobeh
Okawaru
Qazlal
Ru
Sif Muna
Trog
Uskayaw
Vehumet
Wu Jian
Xom
Yredelemnul
Zin
The Shining One
Jiyva
Lugonu


Innate Abilities, Weirdness & Mutations

You have a pair of horns on your head.
You reflexively headbutt those who attack you in melee.


Message History

You kill the yak!
Your Fighting skill gained 2 levels and is now at level 8!
Your Polearms skill gained 3 levels and is now at level 11!
Your Armour skill gained 2 levels and is now at level 8!
You have reached level 5!
You have reached level 6!
You puncture the kobold brigand!
The kobold brigand is moderately wounded.
The kobold brigand hits you but does no damage.
You puncture the kobold brigand!
Your headbutt misses the kobold brigand.
The kobold brigand is severely wounded.
The kobold brigand hits you with a +0 short sword!
You closely miss the kobold brigand. You headbutt the kobold brigand!
The kobold brigand is almost dead.
You hit the kobold brigand.
You kill the kobold brigand!
Your Fighting skill increases to level 9!
Your Armour skill increases to level 9!
You puncture the komodo dragon! You headbutt the komodo dragon!
The komodo dragon is severely wounded.
You block the komodo dragon's attack.
You hit the komodo dragon.
The komodo dragon is severely wounded.
The komodo dragon bites you!!
* * * LOW HITPOINT WARNING * * *
You hit the komodo dragon.
The komodo dragon is severely wounded.
You barely miss the komodo dragon.
The komodo dragon is severely wounded.
The komodo dragon completely misses you.
You closely miss the komodo dragon.
The komodo dragon is severely wounded.
The komodo dragon bites you!
* * * LOW HITPOINT WARNING * * *
Unknown command.
You puncture the komodo dragon!
The komodo dragon is almost dead.
The komodo dragon bites you!
You die...

▓.▓
▓.▓
▓.▓
▓Y▓
▓g▓
▓y▓
▓l▓
▓@▓
▓.▓
▓[▓
▓[▓
▓[▓
▓.▓
▓)▓
▓.▓
▓!▓


You could see a komodo dragon, a yak, a hornet and a gnoll sergeant.

Vanquished Creatures
  A yak (D)
  A kobold brigand (D)
  A scorpion (D)
  A hound (D)
  A sleepcap (D)
  An adder (D)
  An endoplasm (D)
  A goblin (D)
  A hobgoblin (D)
  A jackal (D)
  A kobold (D)
  A rat (D)
12 creatures vanquished.

Notes
Turn   | Place    | Note
-------+----------+-------------------------------------------
     0 | D        | Heoruswealwe the Minotaur Fighter began the quest for the
                  | Orb.
     0 | D        | Reached XP level 1. HP: 19/19 MP: 0/0
     8 | D        | Reached skill level 3 in Polearms
    26 | D        | Noticed a sleepcap
    26 | D        | Noticed a scorpion
    26 | D        | Noticed a hound
    28 | D        | Reached skill level 4 in Polearms
    33 | D        | Killed a hound
    34 | D        | Reached skill level 5 in Fighting
    34 | D        | Reached skill level 6 in Polearms
    34 | D        | Reached skill level 5 in Armour
    34 | D        | Reached XP level 2. HP: 27/29 MP: 1/1
    34 | D        | Reached XP level 3. HP: 34/36 MP: 2/2
    45 | D        | Killed a scorpion
    46 | D        | Reached skill level 8 in Polearms
    46 | D        | Reached XP level 4. HP: 34/45 MP: 3/3
    56 | D        | Found a snail-covered altar of Cheibriados.
    56 | D        | Found a shadowy altar of Dithmenos.
    56 | D        | Found a white marble altar of Elyvilon.
    56 | D        | Found a blossoming altar of Fedhas.
    56 | D        | Found an opulent altar of Gozag.
    57 | D        | Found a hazy altar of Hepliaklqana.
    58 | D        | Found a viscous altar of Jiyva.
    59 | D        | Found an ancient bone altar of Kikubaaqudgha.
    60 | D        | Found a corrupted altar of Lugonu.
    61 | D        | Found a burning altar of Makhleb.
    62 | D        | Found a sparkling altar of Nemelex Xobeh.
    63 | D        | Found an iron altar of Okawaru.
    64 | D        | Found a stormy altar of Qazlal.
    65 | D        | Found a sacrificial altar of Ru.
    66 | D        | Found a shimmering blue altar of Sif Muna.
    67 | D        | Found a bloodstained altar of Trog.
    68 | D        | Found a hide-covered altar of Uskayaw.
    69 | D        | Found a radiant altar of Vehumet.
    70 | D        | Found an ornate altar of the Wu Jian Council.
    71 | D        | Found a shimmering altar of Xom.
    72 | D        | Found a basalt altar of Yredelemnul.
    73 | D        | Found a glowing silver altar of Zin.
    74 | D        | Found a glowing golden altar of the Shining One.
    98 | D        | Noticed a yak
    98 | D        | Noticed a gnoll sergeant
    98 | D        | Noticed a hornet
    98 | D        | Noticed a komodo dragon
    98 | D        | Noticed a kobold brigand
    98 | D        | Noticed a yak
   111 | D        | Killed a yak
   112 | D        | Reached skill level 11 in Polearms
   112 | D        | Reached XP level 5. HP: 36/56 MP: 4/4
   112 | D        | Reached XP level 6. HP: 40/62 MP: 5/5
   120 | D        | HP: 3/63 [komodo dragon (13)]
   121 | D        | Slain by a komodo dragon

Illustrated notes

Levels and vault maps discovered:
D:        linesprint [early_d, line_temple, items_1, d_10, items_2, lair_1,
          lair_end, items_3, orc_1, orc_end, items_4, d_15, swamp_1, shoals_1,
          snake_1, spider_1, d_20, vaults_1, items_5, swamp_end, shoals_end,
          snake_end, spider_end, vaults_end, d_27, items_6, zot_1, zot_end,
          crypt_end, forest_end, elf_end, slime_end, tomb_end, abyss_end,
          pan_hell_end]

Skill      XL: |  1  2  3  4  5  6 |
---------------+-------------------+-----
Polearms       | 6 8 11 | 11.7
Fighting       | 5 6 8 9 |  9.0
Armour         | 5 6 8 9 |  9.0
Shields        | |  3.6

Action                     |  1- 3 |  4- 6 || total
---------------------------+-------+-------++-------
  Melee: Trident           |    26 |    26 ||    52
         Headbutt          |     3 |     4 ||     7
 Armour: Scale mail        |    13 |     4 ||    17
  Dodge: Dodged            |     7 |     5 ||    12
  Block: Buckler           |     1 |     3 ||     4
